 Dungeon Crawl Stone Soup version 0.31-a0-1363-g282adc679d (webtiles) character file.

Game seed: 16177307944101544109

28 Bnni the Digger (level 3, 26/26 HPs)
             Began as a Formicid Earth Elementalist on Dec 23, 2023.
             Was a Follower of Jiyva.
             Quit the game on level 1 of the Dungeon.
             The game lasted 00:01:10 (1052 turns).

Bnni the Digger (Formicid Earth Elementalist)       Turns: 1052, Time: 00:01:10

Health: 26/26      AC:  2    Str: 12    XL:     3   Next: 30%
Magic:  6/6        EV: 12    Int: 16    God:    Jiyva [*.....]
Gold:   45         SH:  0    Dex: 14    Spells: 6/7 levels left

rFire   . . .        l - +0 dagger
rCold   . . .        (no shield)
rNeg    . . .        a - +0 robe
rPois   .            (helmet unavailable)
rElec   .            (no cloak)
rCorr   .            (no gloves)
SInv    +            (no boots)
Will    .....        (no amulet)
Stlth   ++           (no ring)
HPRegen 1.04/turn    (no ring)
MPRegen 0.50/turn

%: no passive effects
@: no status effects
A: permanent stasis, dig shafts and tunnels, antennae 3, four strong arms
a: Dig, Shaft Self, Renounce Religion


You were on level 1 of the Dungeon.
You worshipped Jiyva.
Jiyva was aware of your devotion.
You visited 1 branch of the dungeon, and saw 1 of its levels.

You collected 45 gold pieces.

Inventory:

Hand Weapons
 l - a +0 dagger (weapon)
Armour
 a - a +0 robe (worn)
 g - a +0 scale mail
Jewellery
 j - an amulet of reflection
Scrolls
 c - a scroll of revelation {unknown}
 d - a scroll of noise {unknown}
 e - 2 scrolls of identify {unknown}
 f - a scroll of summoning {unknown}
 h - 2 scrolls of poison {unknown}
Potions
 b - a potion of magic
 i - a potion of lignification {unknown}
 k - a potion of enlightenment {unknown}


   Skills:
 + Level 1.1 Fighting
 - Level 1.7 Dodging
 - Level 2.4 Stealth
 + Level 2.5 Spellcasting
 * Level 4.3 Earth Magic
 - Level 2.0 Alchemy


You had 6 spell levels left.
You knew the following spells:

 Your Spells              Type           Power      Damage    Failure   Level
a - Sandblast             Erth           30%        2d9       3%          1

Your spell library contained the following spells:

 Spells                   Type           Power      Damage    Failure   Level
 Passwall                 Alch/Erth      10%        N/A       9%          2
 Magic Dart               Conj           8%         1d3       21%         1
 Stone Arrow              Conj/Erth      16%        3d8       24%         3
 Call Imp                 Summ           4%         N/A       30%         2
 Petrify                  Alch/Erth      12%        N/A       47%         4
 Brom's Barrelling Bould  Conj/Erth      8%         2d3       63%         4
 Blink                    Tloc           Unusable   N/A       N/A         2

Dungeon Overview and Level Annotations

Branches:
Dungeon (1/15)

Altars:
Jiyva


Innate Abilities, Weirdness & Mutations

You cannot be hasted, slowed, berserked, paralysed or teleported.
You can dig through walls and to a lower floor.
You have a pair of large antennae on your head. (SInv)
Your four strong arms can wield two-handed weapons with a shield.


Message History

The giant cockroach barely misses you.
Unknown command.
Unknown command.
Aiming: Sandblast (safe; 3% risk of failure)
Press: ? - help, Q - select action, (/) - cycle Shift-Dir - straight line, f/p - giant cockroach
Aim: a giant cockroach (heavily wounded, 82% to hit)
The blast of sand hits the giant cockroach!
You kill the giant cockroach!
Unknown command.
You see here a +0 dagger.
l - a +0 dagger
l - a +0 dagger (weapon)
You see here a ball python corpse.
Found a faded altar of an unknown god.
There is a faded altar of an unknown god here.
You see here a ball python corpse.
A rat comes into view.
A rat is nearby!
Aiming: Sandblast (safe; 3% risk of failure)
Press: ? - help, Q - select action, (/) - cycle Shift-Dir - straight line, f - you That would be overly suicidal.
Okay, then.
Unknown command.
The rat squeaks loudly.
Unknown command.
Aiming: Sandblast (safe; 3% risk of failure)
Press: ? - help, Q - select action, (/) - cycle Shift-Dir - straight line, f - rat
Aim: a rat (82% to hit)
The blast of sand hits the rat!
You kill the rat!
Unknown command.
Unknown command.
Search for what [? for help]? altar You see here a ball python corpse.
There is a faded altar of an unknown god here.
This altar belongs to (a) Cheibriados, (b) Jiyva or (c) Kikubaaqudgha, but you can't tell which.
Press the corresponding letter to learn more about a god, or press enter to convert or escape to cancel.
Jiyva accepts your prayer! Jiyva welcomes you!
Jiyva begins accelerating your health and magic regeneration.
Are you sure you want to abandon this character and quit the game? (Confirm with "yes".)

#.# #.##.#.........##########.#
#.# #.##..♣♣.♣..............#.#
#.# #.##..♣.♣♣♣.....###.......#
#.# #.##.♣.♣♣♣♣♣♣♣..# #.###.###
#.# #.#.♣..♣.♣ ♣..## #...#.# #.#
#.#..♣♣.♣♣♣♣♣..####...#.##
#.###....♣†♣♣♣.♣...##........##
#..[##...♣.♣♣.♣♣♣♣..........#.##
###.##.♣.♣.♣...@♣♣.#........##.#
#.##..♣♣..♣♣♣.♣♣...##...####.#
#.##.♣.♣♣♣.♣.♣♣♣.####...# ##.#
#.##..♣.♣♣♣♣♣♣♣♣.# #...###.##
#.###.♣#...##.#♣.# #..#...## #.#
#....####.#### #.†##.## #.#
#.#.## #.# #..##.# ####.# #.#.#
#.# #..##.# .....###.#.#
##.#######..##.#


There were no monsters in sight!

Vanquished Creatures
  An endoplasm (D:1)
  2 giant cockroaches (D:1)
  5 goblins (D:1)
  4 hobgoblins (D:1)
  A kobold (D:1)
  A quokka (D:1)
  6 ball pythons (D:1)
  3 bats (D:1)
  A frilled lizard (D:1)
  2 rats (D:1)
26 creatures vanquished.

Notes
Turn   | Place    | Note
-------+----------+-------------------------------------------
     0 | D:1      | Bnni the Formicid Earth Elementalist began the quest for
                  | the Orb.
     0 | D:1      | Reached XP level 1. HP: 13/13 MP: 3/3
   117 | D:1      | Reached XP level 2. HP: 20/20 MP: 1/5
   257 | D:1      | Reached skill level 4 in Earth Magic
   476 | D:1      | Reached XP level 3. HP: 20/25 MP: 2/6
   663 | D:1      | Reached skill level 1 in Fighting
   906 | D:1      | Found a faded altar of an unknown god.
  1051 | D:1      | Prayed at the altar of an unknown god.
  1051 | D:1      | Became a worshipper of Jiyva Jasacixt the Shapeless
  1051 | D:1      | Reached * piety under Jiyva
  1052 | D:1      | Quit the game

Illustrated notes

Levels and vault maps discovered:
D:1:      spicycebolla_green_bress_n_ham, layout_loops_ring, serial_shops, shop,
          chequers_ecumenical_altar_grove,
          nicolae_concentric_dashed_squares_wild

Skill      XL: |  1  2  3 |
---------------+----------+-----
Alchemy        | 2 |  2.0
Earth Magic    | 4 |  4.3
Fighting       | 1 |  1.1
Dodging        | |  1.7
Stealth        | |  2.4
Spellcasting   | |  2.5

Action                     || total
---------------------------++-------
  Melee: Unarmed           ||     1
   Cast: Sandblast         ||    36
 Armour: Robe              ||     6
  Dodge: Dodged            ||    16

Table legend: (Time is in decaauts)
 A = Elapsed time spent in this place.
 B = Non-inter-level travel time spent in this place.
 C = Inter-level travel time spent in this place.
 D = Time resting spent in this place.
 E = Time spent auto-exploring this place.
 F = Levels seen in this place.
 G = Mean time per level.
                   A        B        C        D        E       F      G
               +--------+--------+--------+--------+--------+-----+--------+
         Total |   1069 |   1003 |     66 |      0 |    854 |   1 | 1069.0 |
       Dungeon |   1069 |   1003 |     66 |      0 |    854 |   1 | 1069.0 |
               +--------+--------+--------+--------+--------+-----+--------+

Top non-repeatable levels by time:
     D:1: 1069 daAuts
